 Seeded DCSS version 0.29-a0-359-g541a27f54d (webtiles) character file.

Game seed: 2364543799250634364 (custom seed)

72 zeratav the Shooter (level 4, -2/26 HPs)
             Began as a Tengu Hunter on Apr 27, 2022.
             Slain by an orc wizard
             ... wielding a +0 dagger
              (4 damage)
             ... on level 2 of the Dungeon.
             The game lasted 00:03:05 (1427 turns).

zeratav the Shooter (Tengu Hunter)                  Turns: 1427, Time: 00:03:06

Health: -2/26      AC:  3    Str: 17    XL:     4   Next: 26%
Magic:  5/5        EV: 12    Int: 10    God:
Gold:   86         SH:  0    Dex: 23    Spells: 3/3 levels left

rFire   . . .      SeeInvis +   a - +1 shortbow {bow}
rCold   + . .      Faith    .   (shield currently unavailable)
rNeg    . . .      Spirit   .   b - +0 leather armour
rPois   .          Reflect  .   (helmet restricted)
rElec   .          Harm     .   (no cloak)
rCorr   .          Rampage  .   (no gloves)
Will    .....                   (boots unavailable)
Stlth   ++........              s - amulet of the acrobat
HPRegen 0.08/turn               i - ring of Relativism {rC+ Dex+4 SInv}
MPRegen 0.09/turn               k - +6 ring of strength

@: no status effects
A: beak, talons 3
a: no special abilities


You were on level 2 of the Dungeon.
You visited 1 branch of the dungeon, and saw 3 of its levels.

You collected 86 gold pieces.


Innate Abilities, Weirdness & Mutations

You have a beak for a mouth.
You have claws for feet.


   Skills:
 - Level 2.0 Fighting
 + Level 6.2 Bows
 - Level 2.1 Dodging
 - Level 1.0 Stealth


You had 3 spell levels left.
You didn't know any spells.
Your spell library was empty.

Inventory:

Hand Weapons
 a - a +1 shortbow (weapon) {bow}
 d - a +0 dagger of flaming {short}
   (You took it off a kobold on level 1 of the Dungeon)
 n - a +1 dagger of venom {short}
   (You took it off a goblin on level 2 of the Dungeon)
 r - a +0 longbow {bow}
   (You found it on level 2 of the Dungeon)
Armour
 b - a +0 leather armour (worn)
 g - a +0 chain mail
   (You found it on level 1 of the Dungeon)
Jewellery
 i - the ring of Relativism (left hand) {rC+ Dex+4 SInv}
   (You acquired it on level 1 of the Dungeon)

   [ring of see invisible]

   Dex:       It affects your dexterity (+4).
   rC:        It protects you from cold.
   SInv:      It lets you see invisible.
 j - a ring of wizardry
   (You found it on level 1 of the Dungeon)
 k - a +6 ring of strength (right hand)
   (You found it on level 2 of the Dungeon)
 s - an amulet of the acrobat (around neck)
   (You found it on level 2 of the Dungeon)
Scrolls
 c - 2 scrolls of immolation {!r!r}
 e - a scroll of vulnerability {unknown}
 f - a scroll of fear {unknown}
 h - 5 scrolls of identify {unknown}
 m - a scroll of enchant weapon {unknown}
Potions
 l - 2 potions of curing {unknown}
 o - a potion of brilliance {unknown}
 p - a potion of ambrosia {unknown}
 q - a potion of haste {unknown}
 t - a potion of invisibility {unknown}

Dungeon Overview and Level Annotations

Branches:
Dungeon (3/15)

Altars:
Wu Jian

##### #####..##.#.###### #.#
....# ##.##.#.# #.# ....#
#..#.#.# #.. ....#
##.#.#.######### #### ....#
#.#.#.#......)# #... ....#
#...#.#.....#.###.## ....#
##..#.......#....... ....#
#Ko###....###.#.... ....#
#o@o.#....# #.####. ....##
###o###....###.# ### .....#
#..o# #....#...# #.. ####.#
###)##########.#.# #.# #.#
#........#####.#.###.. #.##
#.........##.....##... ##..#
#.........#......##.#.
#...######.........#..##..##.#.
#.#......#.........#..##..##.#.


You could see an orc wizard, 4 orcs and a kobold.


Message History

The kobold shouts!
An orc comes into view. It is wielding a +0 short sword.
The kobold throws a stone.
The stone completely misses you.
Shoot: a) +1 shortbow {bow}
Press: ? - help, Q - select action Shift-Dir - straight line, f/p - orc
Aim: an orc, wielding a +0 short sword (heavily wounded, 67% to hit)
You shoot an arrow. The orc shouts!
The arrow hits the orc.
You kill the orc!
You hear a shout!
The orc wizard mumbles some strange words.
The orc wizard flickers and vanishes for a moment.
An orc comes into view. It is wielding a +0 whip.
The kobold throws a stone.
The stone hits you but does no damage.
You hear a shout!
Shoot: a) +1 shortbow {bow}
Press: ? - help, Q - select action Shift-Dir - straight line, f - goblin
Aim: a goblin, wielding a +0 club (61% to hit)
You shoot an arrow. The arrow hits the goblin!
You kill the goblin!
The orc wizard points at you and mumbles some strange words.
The orc wizard resists with some effort.
An orc comes into view. It is wielding a +0 club.
The kobold throws a stone.
The stone barely misses you.
Your Bows skill increases to level 6!
Shoot: a) +1 shortbow {bow}
Press: ? - help, Q - select action Shift-Dir - straight line, f - orc wizard
Aim: an orc wizard, wielding a +0 dagger and wearing a +0 robe (slightly transparent, 62% to hit)
You shoot an arrow.
The arrow closely misses the orc wizard.
The orc shouts!
The orc wizard points at you and mumbles some strange words.
You resist with significant effort.
A rat comes into view.
The orc wizard mumbles some strange words.
The orc wizard flickers and vanishes for a moment.
Shoot: a) +1 shortbow {bow}
Press: ? - help, Q - select action Shift-Dir - straight line, f/p - orc wizard
Aim: an orc wizard, wielding a +0 dagger and wearing a +0 robe (slightly transparent, 62% to hit)
You shoot an arrow. The arrow hits the orc wizard.
An orc wizard comes into view. It is wielding a +0 dagger of speed.
The orc wizard closely misses you.
The orc wizard gestures at you while chanting.
The magic dart hits the orc wizard.
The kobold throws a stone.
The stone hits you.
You climb upwards.
There is a stone staircase leading down here.
HP[-2]
You take 2 damage, and now have 13/21 hp.
Shoot: a) +1 shortbow {bow}
Press: ? - help, Q - select action Shift-Dir - straight line, f - orc wizard
Aim: an orc wizard, wielding a +0 dagger and wearing a +0 robe (severely wounded, slightly transparent, 62% to hit)
You shoot an arrow. The arrow hits the orc wizard.
You kill the orc wizard!
You have reached level 4!
You feel clever.
HP[+4] MP[+1]
You now have 26 max hp (+5).
You regained 4 hp, and now have 17/26 hp.
Your mp is fully restored (5).
You start resting.
HP[+9]
Your hp is fully restored (26).
You climb downwards.
The orc hits you with a +0 short sword. The orc hits you with a +0 flail.
An orc wizard comes into view. It is wielding a +0 dagger.
The kobold barely misses you. The orc hits you with a +0 flail.
The orc wizard barely misses you. The orc hits you with a +0 short sword.
The kobold closely misses you. The orc misses you. The orc barely misses you.
The orc wizard moves out of view.
There is a stone staircase leading up here.
HP[-9]
You take 9 damage, and now have 17/26 hp.
MASSIVE DAMAGE!! (PAUSE)
The orc wizard hits you with a +0 dagger.
The orc hits you but does no damage. The orc hits you with a +0 flail.
* * * LOW HITPOINT WARNING * * *
The orc hits you with a +0 whip.
* * * LOW HITPOINT WARNING * * *
The orc wizard gestures wildly while chanting.
The orc wizard flickers and vanishes for a moment.
The orc hits you with a +0 flail.
* * * LOW HITPOINT WARNING * * *
The kobold closely misses you.
You climb upwards.
There is a stone staircase leading down here.
HP[-15]
You take 15 damage, and now have 2/26 hp.
MASSIVE DAMAGE!! (PAUSE) Read: 2 scrolls of immolation {!r!r}
Press: ? - help, Q - select action, (/) - cycle Dir - look around, f - activate Look: an orc wizard, wielding a +0 dagger and wearing a +0 robe (susceptible)
Okay, then.
Unknown command.
Okay, then.
The orc hits you but does no damage. The kobold barely misses you.
The orc hits you but does no damage. x2
The orc wizard hits you with a +0 dagger.
You die...

Skill      XL: |  1  2  3 |
---------------+----------+-----
Bows           | 5 6 |  6.2
Fighting       | |  2.0
Dodging        | |  2.1
Stealth        | |  1.0

Action                   |  1- 3 |  4- 6 || total
-------------------------+-------+-------++-------
 Fire: Shortbow          |    99 |       ||    99
  Use: Scroll            |     1 |       ||     1
Armor: Leather armour    |     9 |     4 ||    13
Dodge: Dodged            |    27 |     7 ||    34

Levels and vault maps discovered:
D:1:      lemuel_arrival_hallway, layout_loops_ring,
          corexii_item_surrounded_by_moat
D:2:      layout_basic, basic_altar, chequers_ecumenical_altar_grove
D:3:      layout_basic

Notes
Turn   | Place    | Note
-------+----------+-------------------------------------------
     0 | D:1      | zeratav the Tengu Hunter began the quest for the Orb.
     0 | D:1      | Reached XP level 1. HP: 12/12 MP: 2/2
     0 | D:1      | magus.rc [v1.9.6]
   114 | D:1      | Reached XP level 2. HP: 17/17 MP: 3/3
   159 | D:1      | Reached skill level 5 in Bows
   364 | D:1      | Identified a scroll of acquirement
   364 | D:1      | Acquired the ring of Relativism {rC+ Dex+4 SInv}
   374 | D:1      | Reached XP level 3. HP: 15/21 MP: 4/4
  1152 | D:2      | Found an ornate altar of the Wu Jian Council.
  1220 | D:2      | Found a faded altar of an unknown god.
  1305 | D:3      | Reached skill level 6 in Bows
  1310 | D:2      | Reached XP level 4. HP: 17/26 MP: 5/5
  1425 | D:3      | HP: 2/26 [orc/+0 flail (5)]
  1427 | D:2      | Slain by an orc wizard

Vanquished Creatures
  An orc wizard (D:2)
  A worm (D:2)
  A dart slug (D:1)
  An orc (D:3)
  7 endoplasms
  2 giant cockroaches (D:1)
  6 goblins
  3 hobgoblins
  3 jackals (D:1)
  4 ball pythons
  4 bats
  2 frilled lizards (D:1)
  5 kobolds
  3 rats
43 creatures vanquished.

Table legend:
 A = Non-vault XP
 B = Vault XP
 C = Vault XP percentage of total XP
 D = Non-vault monster count
 E = Vault monster count
 F = Vault count percentage of total count
                 A         B        C        D         E       F
            +---------+---------+-------+---------+---------+-------
      Total |     104 |       0 |   0.0 |      43 |       0 |   0.0
            +---------+---------+-------+---------+---------+-------
        D:1 |      39 |       0 |   0.0 |      23 |       0 |   0.0
        D:2 |      58 |       0 |   0.0 |      17 |       0 |   0.0
        D:3 |       7 |       0 |   0.0 |       3 |       0 |   0.0
            +---------+---------+-------+---------+---------+-------

Illustrated notes

Table legend:
 A = Kills in this place as a percentage of kills in entire the game.
 B = Kills by you in this place as a percentage of kills by you in the entire game.
 C = Kills by friends in this place as a percentage of kills by friends in the entire game.
 D = Other kills in this place as a percentage of other kills in the entire game.
 E = Experience gained in this place as a percentage of experience gained in the entire game.
 F = Experience gained in this place divided by the number of levels of this place that you have seen.
                   A       B       C       D       E      F
               +-------+-------+-------+-------+-------+----------------------
         Total | 100.0 | 100.0 |   N/A |   N/A | 100.0 |  34.7
       Dungeon | 100.0 | 100.0 |   N/A |   N/A | 100.0 |  34.7
               +-------+-------+-------+-------+-------+----------------------

Table legend: (Time is in decaauts)
 A = Elapsed time spent in this place.
 B = Non-inter-level travel time spent in this place.
 C = Inter-level travel time spent in this place.
 D = Time resting spent in this place.
 E = Time spent auto-exploring this place.
 F = Levels seen in this place.
 G = Mean time per level.
                   A        B        C        D        E       F      G
               +--------+--------+--------+--------+--------+-----+--------+
         Total |   1453 |   1412 |     41 |    113 |   1081 |   3 |  484.3 |
       Dungeon |   1453 |   1412 |     41 |    113 |   1081 |   3 |  484.3 |
               +--------+--------+--------+--------+--------+-----+--------+

Top non-repeatable levels by time:
     D:1: 751 daAuts
     D:2: 687 daAuts
     D:3: 14 daAuts
